 Dungeon Crawl Stone Soup version 0.25-a0-353-ged6d54792d (webtiles) character file.

Game seed: 11615693815165073971, levelgen mode: classic

105 Borgoz the Cudgeler (level 4, -5/28 HPs)
             Began as a Gargoyle Gladiator on Jan 2, 2020.
             Slain by a two-headed ogre
             ... wielding a cursed +0 giant spiked club
              (12 damage)
             ... on level 3 of the Dungeon.
             The game lasted 00:03:14 (1708 turns).

Borgoz the Cudgeler (Gargoyle Gladiator)            Turns: 1708, Time: 00:03:15

Health: -5/28      AC: 13    Str: 18    XL:     4   Next: 81%
Magic:  4/4        EV: 10    Int:  9    God:
Gold:   73         SH:  0    Dex: 11    Spells: 3/3 levels left

rFire    . . .     SeeInvis .   a - +0 flail
rCold    . . .     Gourm    .   (no shield)
rNeg     + . .     Faith    .   n - +0 scale mail
rPois    ∞         Spirit   .   c - +0 helmet
rElec    +         Reflect  .   (no cloak)
rCorr    .         Harm     .   l - +0 pair of gloves
MR       .....                  h - +0 pair of boots
Stlth    ..........             (no amulet)
HPRegen  0.09/turn              (no ring)
MPRegen  0.09/turn              (no ring)

@: no status effects
A: negative energy resistance 1, electricity resistance, unbreathing,
petrification resistance, rot immunity, AC +3
a: no special abilities


You were on level 3 of the Dungeon.
You were not hungry.

You visited 1 branch of the dungeon, and saw 3 of its levels.

You collected 73 gold pieces.

Inventory:

Hand Weapons
 a - a +0 flail (weapon)
Armour
 c - a +0 helmet (worn)
 h - a +0 pair of boots (worn)
 l - a +0 pair of gloves (worn)
 n - a +0 scale mail (worn)
Jewellery
 k - an uncursed ring of ice
Scrolls
 i - a scroll of teleportation {unknown}
 m - a scroll of enchant weapon {unknown}
 p - a scroll of fog {unknown}
 r - a scroll of blinking {unknown}
Potions
 b - a potion of degeneration {unknown}
 g - a potion of invisibility
 j - 2 potions of heal wounds
 q - a potion of haste {unknown}
Comestibles
 f - 5 rations
 o - 10 chunks of flesh


   Skills:
 + Level 3.0 Fighting
 * Level 4.1 Maces & Flails
 - Level 1.7 Throwing
 + Level 1.9 Armour
 + Level 2.9 Dodging


You had 3 spell levels left.
You didn't know any spells.
Your spell library contained the following spells:

 Spells                   Type           Power        Failure   Level  Hunger
 Animate Skeleton         Necr           N/A          78%         1    ##.....
 Apportation              Tloc           #.....       78%         1    ##.....
 Confusing Touch          Hex            #.....       78%         1    ##.....
 Summon Small Mammal      Summ           #...         78%         1    ##.....


Dungeon Overview and Level Annotations

Branches:
Dungeon (3/15)

Altars:
Elyvilon


Innate Abilities, Weirdness & Mutations

You are resistant to torment.
Your stone body is resilient. (AC +3)
You are immune to poison.
You resist negative energy. (rN+)
You are resistant to electric shocks. (rElec)
You can survive without breathing.
You are immune to petrification.
You are immune to rotting.


Message History

The two-headed ogre hits you with a cursed +0 giant spiked club!
Ouch! That really hurt!
The two-headed ogre barely misses you.
You hit the two-headed ogre.
The two-headed ogre is moderately wounded.
Throwing (i - inventory)
d - a throwing net (quivered)
Press: ? - help, Shift-Dir - straight line, f/p - two-headed ogre
Aim: a two-headed ogre, wielding a +0 giant spiked club and a +0 giant club (moderately wounded)
You throw a throwing net.
The throwing net barely misses the two-headed ogre.
The two-headed ogre barely misses you. x2
You hit the two-headed ogre.
The two-headed ogre is heavily wounded.
The two-headed ogre barely misses you.
The two-headed ogre hits you with a +0 giant club.
* * * LOW HITPOINT WARNING * * *
You thump the two-headed ogre!
The two-headed ogre is heavily wounded.
The two-headed ogre hits you with a cursed +0 giant spiked club!
You die...

......# .. ......#
#.....#
......##########......
....................#
......##..[.........###
......##............%..
.....)#.............##
#####(#..............###
#####...........@O.....(
#.....#######.###..<.##.
..##### #..# .#..# ..#
##.# .# .# .## .. .# #
## ##..# ###### #..
#....## #. ####..# ..


You could see a two-headed ogre.

Vanquished Creatures
  A hound (D:2)
  An adder (D:2)
  4 worms (D:2)
  4 dart slugs
  A leopard gecko (D:2)
  2 orcs (D:3)
  2 bats (D:2)
  3 giant cockroaches
  9 goblins
  3 hobgoblins (D:2)
  2 quokkas (D:2)
  A ball python (D:2)
  3 frilled lizards
  5 kobolds
  4 rats
45 creatures vanquished.

Notes
Turn   | Place    | Note
-------+----------+-------------------------------------------
     0 | D:1      | Borgoz the Gargoyle Gladiator began the quest for the Orb.
     0 | D:1      | Reached XP level 1. HP: 12/12 MP: 1/1
   226 | D:1      | Reached XP level 2. HP: 18/18 MP: 2/2
   777 | D:2      | Reached skill level 1 in Armour
   948 | D:2      | Reached XP level 3. HP: 20/22 MP: 3/3
  1042 | D:2      | Found a faded altar of an unknown god.
  1315 | D:2      | Reached XP level 4. HP: 24/27 MP: 4/4
  1559 | D:2      | Reached skill level 4 in Maces & Flails
  1667 | D:3      | Found a white marble altar of Elyvilon.
  1694 | D:3      | Noticed a two-headed ogre
  1708 | D:3      | Slain by a two-headed ogre

Levels and vault maps discovered:
D:1:      eino_arrival_cavern_a, layout_basic, grunt_decor_mini_mirrors
D:2:      layout_loops_ring, chequers_ecumenical_altar_grove
D:3:      layout_rooms, cheibrodos_ashenzari_chains, elyvilon_altar_4,
          first_ration

Skill      XL: |  1  2  3  4 |
---------------+-------------+-----
Armour         | 1 |  1.9
Fighting       | 3 |  3.0
Maces & Flails | 4 |  4.1
Throwing       | |  1.7
Dodging        | |  2.9

Action                   |  1- 3 |  4- 6 || total
-------------------------+-------+-------++-------
Melee: Flail             |   135 |    29 ||   164
Throw: Throwing net      |       |     3 ||     3
  Use: Scroll            |     4 |       ||     4
  Eat: Chunk             |     1 |     2 ||     3
Armor: Ring mail         |    24 |       ||    24
       Leather armour    |     4 |       ||     4
       Scale mail        |    39 |    22 ||    61
Dodge: Dodged            |    69 |    33 ||   102

Table legend:
 A = Non-vault XP
 B = Vault XP
 C = Vault XP percentage of total XP
 D = Non-vault monster count
 E = Vault monster count
 F = Vault count percentage of total count
                 A         B        C        D         E       F
            +---------+---------+-------+---------+---------+-------
      Total |     150 |       0 |   0.0 |      45 |       0 |   0.0
            +---------+---------+-------+---------+---------+-------
        D:1 |      22 |       0 |   0.0 |      13 |       0 |   0.0
        D:2 |     122 |       0 |   0.0 |      30 |       0 |   0.0
        D:3 |       6 |       0 |   0.0 |       2 |       0 |   0.0
            +---------+---------+-------+---------+---------+-------
